 Dungeon Crawl Stone Soup version 0.25-a0-731-g0472a16d6a (webtiles) character file.

Game seed: 8320236559687048076, levelgen mode: deterministic

83 kae the Gusty (level 4, -1/24 HPs)
             Began as a Tengu Air Elementalist on Apr 8, 2020.
             Slain by Grinder (6 damage)
             ... while paralysed by Grinder
             ... on level 3 of the Dungeon.
             The game lasted 00:01:52 (2343 turns).

kae the Gusty (Tengu Air Elementalist)              Turns: 2343, Time: 00:01:53

Health: -1/24      AC:  2    Str:  8    XL:     4   Next: 44%
Magic:  5/9        EV:  2    Int: 17    God:
Gold:   181        SH:  0    Dex: 14    Spells: 0/8 levels left

rFire    . . .     SeeInvis .   d - +2 whip (pain)
rCold    . . .     Gourm    .   (no shield)
rNeg     . . .     Faith    .   a - +0 robe
rPois    .         Spirit   .   (helmet restricted)
rElec    .         Reflect  .   (no cloak)
rCorr    .         Harm     .   (no gloves)
MR       .....                  (boots unavailable)
Stlth    ++........             (no amulet)
HPRegen  0.08/turn              (no ring)
MPRegen  0.11/turn              (no ring)

@: paralysed
A: beak, talons 3
a: no special abilities


You were on level 3 of the Dungeon.
You were not hungry.

You visited 1 branch of the dungeon, and saw 3 of its levels.

You collected 181 gold pieces.

Inventory:

Hand Weapons
 d - a +2 whip of pain (weapon)
Armour
 a - a +0 robe (worn)
Scrolls
 e - a scroll of fog {unknown}
 j - a scroll of amnesia {unknown}
 m - a scroll of blinking {unknown}
 o - a scroll of enchant armour {unknown}
 p - a scroll of identify {unknown}
 q - a scroll of teleportation {unknown}
 s - a scroll of enchant weapon {unknown}
Potions
 b - 3 potions of curing {unknown}
 f - a potion of degeneration {unknown}
 g - 2 potions of mutation {unknown}
 h - a potion of flight {unknown}
 i - a potion of heal wounds {unknown}
 k - a potion of berserk rage {unknown}
 l - 2 potions of stabbing {unknown}
 n - a potion of haste {unknown}
Comestibles
 c - 5 rations
 r - a chunk of flesh


   Skills:
 - Level 2.1 Dodging
 - Level 2.0 Stealth
 + Level 2.7 Spellcasting
 * Level 4.0 Conjurations
 + Level 4.8 Air Magic


You couldn't memorise any spells.
You knew the following spells:

 Your Spells              Type           Power        Failure   Level  Hunger
a - Shock                 Conj/Air       ###.         3%          1    #......
b - Static Discharge      Conj/Air       ###.....     9%          3    ###....
c - Airstrike             Air            ###.......   26%         4    #####..

Your spell library contained the following spells:

 Spells                   Type           Power        Failure   Level  Hunger
 Magic Dart               Conj           ###.         3%          1    #......
 Swiftness                Chrm/Air       ##......     10%         2    ##.....
 Mephitic Cloud           Conj/Pois/Air  ##......     16%         3    ###....
 Conjure Flame            Conj/Fire      #.......     24%         3    ###....
 Blink                    Tloc           N/A          26%         2    ##.....
 Call Imp                 Summ           #.......     26%         2    ##.....
 Slow                     Hex            #.......     26%         2    ##.....
 Lightning Bolt           Conj/Air       ###.......   63%         5    ######.


Dungeon Overview and Level Annotations

Branches:
Dungeon (3/15)

Altars:
Hepliaklqana
The Shining One

Annotations:
D:3 Grinder


Innate Abilities, Weirdness & Mutations

You have a beak for a mouth.
You have claws for feet.


Message History

The zap hits Grinder but does no damage.
Grinder is moderately wounded.
The zap misses Grinder.
Grinder gestures at you. You resist with significant effort.
Casting: Shock (safe; 3% risk of failure)
Confirm with . or Enter, or press ? or * to list all spells.
Aiming: Shock (safe; 3% risk of failure)
Press: ? - help, Shift-Dir - straight line The zap hits Grinder.
Grinder is heavily wounded.
The zap hits Grinder.
Grinder is heavily wounded.
The quokka twitches its whiskers.
Grinder gestures at you.
You suddenly lose the ability to move!
Grinder hits you. x2
* * * LOW HITPOINT WARNING * * *
You writhe in agony.
You die...

.. .# .. .###r ......
# .## ....!#######.#
.. ..# #.5.......#
..# #.######## #@..#
...##.##.....# #รท###
....#.##.....# #.#
....#.##.....# #.#
.......#.....# #.#
.......#.....# #.#
.##........### #.####
.#...#.#########....#
.#..........<...###.#


You could see Grinder and a quokka.

Vanquished Creatures
  4 adders
  2 oozes
  A dart slug (D:3)
  6 goblins
  5 hobgoblins
  4 jackals (D:1)
  2 quokkas
  3 bats
  2 frilled lizards
  3 kobolds
  6 rats
38 creatures vanquished.

Notes
Turn   | Place    | Note
-------+----------+-------------------------------------------
     0 | D:1      | kae the Tengu Air Elementalist began the quest for the Orb.
     0 | D:1      | Reached XP level 1. HP: 10/10 MP: 4/4
   122 | D:1      | Reached XP level 2. HP: 4/15 MP: 0/6
  1046 | D:2      | Found a hazy altar of Hepliaklqana.
  1369 | D:2      | Reached XP level 3. HP: 18/19 MP: 5/7
  1463 | D:2      | Found a glowing golden altar of the Shining One.
  1795 | D:3      | Reached XP level 4. HP: 24/24 MP: 3/8
  1944 | D:3      | Noticed Grinder
  1947 | D:3      | Paralysed by Grinder for 4 turns
  2116 | D:3      | Learned a level 3 spell: Static Discharge
  2121 | D:3      | Learned a level 4 spell: Airstrike
  2341 | D:3      | Paralysed by Grinder for 4 turns
  2343 | D:3      | Slain by Grinder

Levels and vault maps discovered:
D:1:      co_arrival_two_rings, layout_loops_ring
D:2:      layout_loops_corners, lemuel_crystal_altar,
          nicolae_overflow_crystal_walls
D:3:      layout_loops_cross, uniq_grinder

Skill      XL: |  1  2  3  4 |
---------------+-------------+-----
Conjurations   | 2 3 4 |  4.0
Dodging        | |  2.1
Stealth        | |  2.0
Spellcasting   | |  2.7
Air Magic      | |  4.8

Action                   |  1- 3 |  4- 6 || total
-------------------------+-------+-------++-------
Melee: Whip              |    25 |    11 ||    36
       Kick              |     3 |     3 ||     6
       Peck              |     4 |     1 ||     5
 Cast: Shock             |    40 |    15 ||    55
  Eat: Chunk             |     3 |     2 ||     5
Armor: Robe              |    10 |     1 ||    11
Dodge: Dodged            |    40 |     6 ||    46

Table legend:
 A = Non-vault XP
 B = Vault XP
 C = Vault XP percentage of total XP
 D = Non-vault monster count
 E = Vault monster count
 F = Vault count percentage of total count
                 A         B        C        D         E       F
            +---------+---------+-------+---------+---------+-------
      Total |     119 |       0 |   0.0 |      38 |       0 |   0.0
            +---------+---------+-------+---------+---------+-------
        D:1 |      28 |       0 |   0.0 |      14 |       0 |   0.0
        D:2 |      40 |       0 |   0.0 |      11 |       0 |   0.0
        D:3 |      51 |       0 |   0.0 |      13 |       0 |   0.0
            +---------+---------+-------+---------+---------+-------
